 Dungeon Crawl Stone Soup version 0.17.0-26-gececa24 (webtiles) character file.

67 McCoppin the Shooter (level 4, 0/25 HPs)
             Began as a Tengu Arcane Marksman on Nov 20, 2015.
             Slain by an orc
             ... wielding a +0 falchion
              (5 damage)
             ... on level 3 of the Dungeon.
             The game lasted 00:05:49 (2328 turns).

McCoppin the Shooter (Tengu Arcane Marksman)        Turns: 2328, Time: 00:05:49

Health: 0/25       AC:  5    Str: 11    XL:     4   Next: 18%
Magic:  6/6        EV: 12    Int: 14    God:
Gold:   84         SH:  0    Dex: 14    Spells: 0 memorised, 5 levels left

rFire  . . .     SeeInvis .     k - +0 flail
rCold  . . .     Clarity  +     e - +0 leather armour
rNeg   . . .     SustAt   .     (no shield)
rPois  .         Gourm    .     (helmet restricted)
rElec  .         Spirit   .     (no cloak)
rCorr  .         Warding  .     (no gloves)
rMut   .         Stasis   .     (boots unavailable)
MR     .....                    o - amulet of clarity
Stlth  +.........               (no ring)
                                f - +2 ring of protection

@: not resistant to hostile enchantments, very unstealthy
A: beak, talons 3
a: no special abilities


You were on level 3 of the Dungeon.
You were not hungry.

You visited 1 branch of the dungeon, and saw 3 of its levels.

You collected 84 gold pieces.

Inventory:

Hand Weapons
 a - a +0 shortbow
 k - a +0 flail (weapon)
 t - a -2 whip
Missiles
 d - 2 arrows
 p - 14 poisoned needles
Armour
 b - a +0 robe
 e - a +0 leather armour (worn)
Jewellery
 f - a +2 ring of protection (left hand)
 o - an amulet of clarity (around neck)
Potions
 j - a potion of might
 l - a potion of curing {unknown}
 m - a potion of invisibility
 s - a potion of poison {unknown}
Books
 c - a book of Debilitation

   Spells                             Type                      Level
   a - Corona                         Hexes                        1
   b - Slow                           Hexes                        2
   c - Gell's Gravitas                Hexes/Translocation          3
   d - Inner Flame                    Hexes/Fire                   3
   e - Cause Fear                     Hexes                        4
   f - Leda's Liquefaction            Hexes/Earth                  4
Comestibles
 g - 2 meat rations


   Skills:
 - Level 1.0 Fighting
 + Level 4.7 Bows
 - Level 2.1 Dodging
 - Level 1.0 Spellcasting
   Level 2.1 Hexes


You had 5 spell levels left.
You didn't know any spells.

Dungeon Overview and Level Annotations

Branches:
Dungeon (3/15)

Altars:
Elyvilon


Innate Abilities, Weirdness & Mutations

You have a beak for a mouth.
You have claws for feet.


Message History

You hit the orc but do no damage. The orc hits you with a falchion.
You closely miss the orc. Your kick misses the orc. Your peck misses the orc.
The orc hits you with a falchion.
* * * LOW HITPOINT WARNING * * *
The orc misses you.
You hit the orc but do no damage. The orc barely misses you.
You barely miss the orc. You claw the orc. You peck the orc, but do no damage.
The orc is moderately wounded.
The orc misses you.
You barely miss the orc. Your kick misses the orc.
The orc is moderately wounded.
The orc hits you with a falchion.
* * * LOW HITPOINT WARNING * * *
You hit the orc. Your kick misses the orc.
The orc is almost dead.
The orc closely misses you.
You closely miss the orc. You peck the orc, but do no damage.
The orc is almost dead.
The orc barely misses you. The orc hits you with a falchion.
You die...

,***,* *,#.# #.#...#..#
,,,,,*****,#.#
##.#####.###
,,,,,,,,,,,#.#
#(.........#
,,,,,,,,####.#
#..#########
,******,#....# #..#
#######.#.#### #..#
........#.######..#
.########.........#
...........#####@##*****
.......###.# #.o.....#
.(.....# #.#***#######.#
.......# #.#,,,,,,,,,,,*
.......# #.#,***********
.......# #.#,* #......#
#.#,* ######## #.#,* *
#.#,*


You could see an orc.

Vanquished Creatures
  A gnoll (D:1)
  2 adders (D:2)
  A worm (D:2)
  2 giant geckos
  3 ball pythons
  A giant cockroach (D:3)
  4 goblins
  3 hobgoblins
  4 kobolds
  A quokka (D:3)
  3 bats
  5 jackals
  7 rats
37 creatures vanquished.

Notes
Turn   | Place    | Note
--------------------------------------------------------------
     0 | D:1      | McCoppin the Tengu Arcane Marksman began the quest for the Orb.
     0 | D:1      | Reached XP level 1. HP: 12/12 MP: 3/3
    61 | D:1      | Reached XP level 2. HP: 14/16 MP: 4/4
    91 | D:1      | Reached skill level 3 in Bows
   722 | D:2      | Reached XP level 3. HP: 20/20 MP: 5/5
   770 | D:2      | Reached skill level 4 in Bows
  2047 | D:3      | Reached XP level 4. HP: 25/25 MP: 6/6
  2117 | D:3      | Found a white marble altar of Elyvilon.
  2328 | D:3      | Slain by an orc

Action                   |  1- 3 |  4- 6 || total
-------------------------+-------+-------++-------
Melee: Flail             |    31 |    48 ||    79
 Fire: Shortbow          |    86 |     7 ||    93
  Use: Scroll            |     1 |     5 ||     6
       Potion            |     1 |       ||     1
  Eat: Bread ration      |     1 |       ||     1
       Chunk             |     1 |       ||     1
